 Dungeon Crawl Stone Soup version 0.25.1-2-g60ff931df9 (webtiles) character file.

Game seed: 17109246382251155849

1169 Johnny the Digger (level 7, -7/50 HPs)
             Began as a Demigod Earth Elementalist on Oct 26, 2020.
             Splashed by a crimson imp's acid (11 damage)
             ... on level 5 of the Dungeon.
             The game lasted 00:04:34 (6207 turns).

Johnny the Digger (Demigod Earth Elementalist)      Turns: 6207, Time: 00:04:34

Health: -7/50      AC:  1    Str: 11    XL:     7   Next: 96%
Magic:  16/17      EV: 11    Int: 23    God:
Gold:   200        SH:  0    Dex: 16    Spells: 13/14 levels left

rFire    + . .     SeeInvis .   f - +1 whip (freeze)
rCold    . . .     Gourm    .   (no shield)
rNeg     . . .     Faith    .   g - +0 ring mail
rPois    .         Spirit   .   (no helmet)
rElec    .         Reflect  .   (no cloak)
rCorr    .         Harm     .   (no gloves)
MR       +....                  (no boots)
Stlth    +.........             (no amulet)
HPRegen  0.16/turn              e - ring of protection from magic
MPRegen  0.15/turn              x - ring of protection from fire

@: corroded
A: high mp 1
a: no special abilities


You were on level 5 of the Dungeon.
You were not hungry.

You visited 1 branch of the dungeon, and saw 5 of its levels.

You collected 200 gold pieces.

Inventory:

Hand Weapons
 f - a +1 whip of freezing (weapon)
Missiles
 b - 71 stones (quivered)
Armour
 g - a +0 ring mail (worn)
 o - a +0 tower shield
Jewellery
 e - a ring of protection from magic (left hand)
 x - a ring of protection from fire (right hand)
Wands
 v - a wand of disintegration (8)
 w - a wand of acid (5)
Scrolls
 c - a scroll of magic mapping {unknown}
 h - 5 scrolls of teleportation {unknown}
 i - 3 scrolls of identify {unknown}
 j - 2 scrolls of random uselessness {unknown}
 m - a scroll of fear {unknown}
 n - a scroll of immolation {unknown}
 p - a scroll of enchant armour {unknown}
 r - a scroll of remove curse {unknown}
 s - a scroll of amnesia {unknown}
Potions
 a - a potion of might {unknown}
 k - a potion of lignification
 l - 3 potions of curing {unknown}
 q - 3 potions of magic {unknown}
 t - a potion of stabbing {unknown}
 u - 2 potions of resistance
Comestibles
 d - 11 rations


   Skills:
 - Level 1.7 Dodging
 - Level 1.7 Stealth
 + Level 3.6 Shields
 + Level 4.4 Spellcasting
   Level 0.8 Transmutations
 * Level 7.1 Earth Magic


You had 13 spell levels left.
You knew the following spells:

 Your Spells              Type           Power        Failure   Level  Hunger
a - Sandblast             Erth           #####.       1%          1    None

Your spell library contained the following spells:

 Spells                   Type           Power        Failure   Level  Hunger
 Passwall                 Tmut/Erth      ###.....     7%          2    None
 Stone Arrow              Conj/Erth      ###...       17%         3    ##.....
 Lee's Rapid Deconstruct  Erth           #####.....   34%         5    #####..
 Petrify                  Tmut/Erth      ###.....     43%         4    ####...
 Confusing Touch          Hex            #.......     58%         3    ##.....
 Gell's Gravitas          Tloc           #.........   58%         3    ##.....
 Yara's Violent Unravell  Hex/Tmut       #.........   99%         5    #####..
 Metabolic Englaciation   Hex/Ice        #.........   100%        5    #####..


Dungeon Overview and Level Annotations

Branches:
Dungeon (5/15)
 Temple: D:4-7

Annotations:
D:5 1 transporter


Innate Abilities, Weirdness & Mutations

You have an increased reservoir of magic. (+10% MP)


Message History

Press: ? - help, Shift-Dir - straight line, f - ice beast
Aim: an ice beast (moderately wounded)
The bolt of acid hits the ice beast.
The ice beast is splashed with acid.
The acid corrodes the ice beast!
The ice beast is severely wounded.
The bolt of acid misses the crimson imp.
The ice beast barely misses you.
Evoke which item? (* to show all) (? for menu, Esc to quit)
Aiming: Corrosive Bolt
Press: ? - help, Shift-Dir - straight line, f/p - ice beast
Aim: an ice beast (severely wounded, covered in acid)
The bolt of acid hits the ice beast!
The ice beast is splashed with acid.
The ice beast seems to be corroded for longer.
You kill the ice beast!
The bolt of acid hits the crimson imp!
The crimson imp is heavily wounded.
The crimson imp zaps a wand.
The bolt of acid hits you!
* * * LOW HITPOINT WARNING * * *
The acid corrodes you!
You are splashed with acid!
You die...

#.......#..##..#
#
#..........###.#
# #.........#
#.#####
#......Z.#
##.....##
#..!.....#
##.......##
########.#
#.........# #5Z#
#.........# #.##
#.........###
##@#
#............
#..#
#.........###
#.## #.........#
##.# #.........#
# ##..#
#.........###
#..##
#.........##.
#.##
#(........#..
#.#
##.......#..#
#.######
##.....#####


You could see a crimson imp (resistant) and a leopard gecko zombie.

Vanquished Creatures
  Pikel (D:4)
  Grinder (D:3)
  A slave (D:4)
  An ice beast (D:5)
  2 crimson imps
  A bullfrog skeleton (D:4)
  A jelly (D:5)
  2 orc wizards (D:5)
  3 worker ants
  8 adders
  3 oozes
  An adder skeleton (D:4)
  4 worms
  2 dart slugs
  2 leopard geckos
  7 orcs
  3 giant cockroaches
  5 goblins
  9 hobgoblins
  10 jackals
  6 kobolds
  A quokka (D:3)
  10 bats
  6 frilled lizards
  7 rats
97 creatures vanquished.

Notes
Turn   | Place    | Note
-------+----------+-------------------------------------------
     0 | D:1      | Johnny the Demigod Earth Elementalist began the quest for
                  | the Orb.
     0 | D:1      | Reached XP level 1. HP: 14/14 MP: 5/5
    60 | D:1      | Reached skill level 3 in Earth Magic
   633 | D:1      | Reached XP level 2. HP: 20/20 MP: 7/7
  1383 | D:1      | Reached XP level 3. HP: 13/26 MP: 1/9
  2196 | D:2      | Reached skill level 4 in Earth Magic
  2466 | D:2      | Reached XP level 4. HP: 25/33 MP: 8/10
  2540 | D:2      | Found a faded altar of an unknown god.
  3100 | D:2      | Found a shimmering blue altar of Sif Muna.
  3583 | D:3      | Noticed Grinder
  3606 | D:3      | Killed Grinder
  3606 | D:3      | Reached skill level 1 in Shields
  3606 | D:3      | Reached skill level 5 in Earth Magic
  3606 | D:3      | Reached XP level 5. HP: 29/38 MP: 4/12
  3752 | D:3      | Reached XP level 6. HP: 43/45 MP: 14/14
  3885 | D:3      | Found a glowing golden altar of the Shining One.
  4083 | D:3      | You fall into a shaft and drop 2 floors!
  4083 | D:5      | Entered Level 5 of the Dungeon
  4945 | D:4      | Found a sparkling altar of Nemelex Xobeh.
  4946 | D:4      | Found an iron altar of Okawaru.
  4970 | D:4      | Noticed Pikel
  5001 | D:4      | Paralysed by Pikel for 7 turns
  5031 | D:4      | Killed Pikel
  5031 | D:4      | Reached skill level 6 in Earth Magic
  5031 | D:4      | Reached XP level 7. HP: 9/50 MP: 0/16
  5561 | D:4      | Found an ornate altar of the Wu Jian Council.
  5868 | D:5      | Found a transporter.
  6121 | D:5      | Reached skill level 7 in Earth Magic
  6207 | D:5      | Splashed by a crimson imp's acid

Illustrated notes

Levels and vault maps discovered:
D:1:      dpeg_arrival_shelter, layout_loops_ring, minmay_close_crescents
D:2:      layout_loops_ring, lemuel_blue_sif_altar,
          chequers_ecumenical_altar_island
D:3:      layout_basic, tso_altar, first_ration, hex_tiny, uniq_grinder
D:4:      layout_loops_ring, lemuel_coloured_pillars_altar,
          chequers_temple_overflow_statue_of_worship, uniq_pikel
D:5:      gammafunk_cloud_chamber, layout_rooms

Skill      XL: |  1  2  3  4  5  6  7 |
---------------+----------------------+-----
Earth Magic    | 3 4 5 6 7 |  7.1
Spellcasting   | 2 3 4 |  4.4
Shields        | 1 3 |  3.6
Dodging        | |  1.7
Stealth        | |  1.7
Transmutations | |  0.8

Action                   |  1- 3 |  4- 6 |  7- 9 || total
-------------------------+-------+-------+-------++-------
Melee: Unarmed           |    21 |       |       ||    21
       Dagger            |    79 |   169 |       ||   248
       Whip              |       |       |    34 ||    34
 Cast: Sandblast         |    42 |    58 |    21 ||   121
Evoke: Wand              |       |       |     2 ||     2
  Use: Potion            |       |     2 |       ||     2
 Stab: Sleeping          |     4 |       |       ||     4
  Eat: Chunk             |     5 |     8 |       ||    13
       Ration            |       |       |     1 ||     1
Armor: Robe              |     5 |       |       ||     5
       Ring mail         |    40 |    68 |    17 ||   125
       Skin              |       |    14 |       ||    14
Dodge: Dodged            |    70 |   114 |    33 ||   217
